AoeStats
← Searam

Black Forest

511637540Analyzed
3v3 RM · 14d ago on Oct 5, 2026· 89m 40s· 6 players
Game mode
Random Map
Map size
Normal (6 player)
Population
200
Speed
Normal
Resources
Standard
Victory
Conquest
Starting age
Dark Age
Ending age
Imperial Age
RankedLock teamsTeams togetherTeam positionsShared explorationLock speedFull tech treeHidden civsTurbo modeCheats
Victory
Defeat
🇦🇷 Berbers · Argentina
822
+10
🇦🇷 Goths · Argentina
646
+26
🇦🇷 Spanish · Argentina
612
+20
vs
🇨🇦 Franks · Canada
731
-18
🇵🇹 Hindustanis · Portugal
701
-16
🇨🇱 Goths · Chile
616
-13
tiktok.com/@TEFORRRR
1:37 Loom
12:06 Feudal Age
19:23 Double-Bit Axe
24:11 Castle Age
22:56 Bloodlines
24:01 Scale Barding Armor
24:08 Forging
23:44 Horse Collar
24:00 Gold Mining
24:01 Stone Mining
25:50 Husbandry
28:47 Wheelbarrow
30:31 Hand Cart
30:47 Ballistics
31:20 Town Watch
31:56 Masonry
31:27 Treadmill Crane
37:05 Imperial Age
36:48 Iron Casting
37:05 Heavy Plow
38:10 Capped Ram
40:34 Bow Saw
40:56 Crop Rotation
41:15 Gold Shaft Mining
43:54 Conscription
43:39 Maghrebi Camels
45:31 Stone Shaft Mining
46:35 Chemistry
46:28 Caravan
47:45 Siege Engineers
47:48 Kasbah
50:42 Murder Holes
51:13 Elite Genitour
52:01 Thumb Ring
54:49 Fletching
56:00 Blast Furnace
55:21 Chain Barding Armor
55:02 Padded Archer Armor
56:52 Elite Camel Archer
58:01 Heavy Camel Rider
60:10 Plate Barding Armor
59:32 Bodkin Arrow
64:19 Elite Camel Archer
65:04 Bracer
65:20 Leather Archer Armor
65:30 Fortified Wall
66:06 Hoardings
68:55 Ring Archer Armor
Kil0mber0
12:08 Feudal Age
22:27 Man-at-Arms
29:13 Forging
29:03 Scale Mail Armor
36:29 Castle Age
35:17 Stone Mining
35:21 Gold Mining
36:30 Double-Bit Axe
40:31 Wheelbarrow
43:13 Stone Shaft Mining
44:30 Loom
45:02 Hand Cart
47:20 Squires
46:42 Long Swordsman
47:27 Treadmill Crane
48:40 Bow Saw
53:50 Imperial Age
54:20 Iron Casting
54:00 Chain Mail Armor
53:58 Two-Handed Swordsman
56:24 Champion
61:03 Blast Furnace
62:01 Pikeman
63:45 Conscription
63:33 Anarchy
63:42 Perfusion
64:14 Perfusion
80:53 Halberdier
infektedz
3:53 Loom
13:01 Feudal Age
26:45 Man-at-Arms
30:31 Castle Age
30:36 Long Swordsman
34:05 Horse Collar
35:21 Stone Mining
36:16 Forging
42:57 Imperial Age
41:03 Wheelbarrow
41:10 Wheelbarrow
43:17 Iron Casting
42:42 Scale Mail Armor
44:54 Double-Bit Axe
46:03 Hand Cart
46:54 Blast Furnace
46:10 Chain Mail Armor
47:50 Scale Barding Armor
47:59 Fortified Wall
48:27 Elite Conquistador
55:37 Plate Mail Armor
55:28 Chain Barding Armor
59:08 Plate Barding Armor
58:23 Fletching
58:00 Two-Handed Swordsman
60:40 Padded Archer Armor
60:35 Bodkin Arrow
61:42 Chemistry
61:03 Ballistics
61:47 Elite Skirmisher
62:35 Thumb Ring
65:17 Guard Tower
65:51 Bombard Tower
66:47 Pikeman
74:40 Bracer
78:10 Halberdier
Searam
0:38 Loom
13:01 Feudal Age
15:01 Double-Bit Axe
21:42 Castle Age
20:29 Gold Mining
20:33 Stone Mining
25:11 Gold Shaft Mining
25:15 Wheelbarrow
25:08 Ordonnance Companies
27:31 Bow Saw
29:42 Fletching
29:52 Padded Archer Armor
32:03 Ballistics
32:17 Bodkin Arrow
32:37 Leather Archer Armor
35:00 Imperial Age
35:09 Hand Cart
35:58 Caravan
35:37 Cranequins
37:07 Fortified Wall
36:53 Murder Holes
36:56 Heavy Mounted Crossbowman
44:23 Husbandry
43:44 Cavalier
45:20 Chivalry
45:41 Conscription
44:45 Light Cavalry
45:47 Paladin
46:35 Pikeman
47:16 Squires
47:01 Arson
49:03 Chemistry
47:45 Treadmill Crane
47:54 Elite Throwing Axeman
48:39 Halberdier
49:23 Scale Mail Armor
49:33 Forging
49:29 Scale Barding Armor
52:25 Chain Barding Armor
52:21 Chain Mail Armor
52:41 Iron Casting
66:22 Plate Barding Armor
69:45 Masonry
85:22 Blast Furnace
Inicio
15:58 Feudal Age
24:26 Castle Age
24:03 Scale Mail Armor
23:58 Horse Collar
24:06 Double-Bit Axe
24:41 Gold Mining
27:25 Wheelbarrow
28:07 Squires
37:28 Anarchy
42:26 Loom
46:14 Masonry
48:41 Heavy Plow
49:02 Hand Cart
53:06 Imperial Age
53:23 Elite Huskarl
54:06 Perfusion
62:28 Capped Ram
65:11 Onager
68:36 Architecture
67:58 Treadmill Crane
68:16 Town Watch
69:00 Conscription
SirRichard10
0:35 Loom
13:36 Feudal Age
16:36 Wheelbarrow
15:58 Double-Bit Axe
16:27 Horse Collar
19:15 Stone Mining
24:28 Town Watch
26:25 Fletching
26:46 Forging
28:55 Castle Age
27:10 Padded Archer Armor
34:40 Thumb Ring
33:56 Elite Skirmisher
33:57 Crossbowman
35:25 Hand Cart
35:08 Bodkin Arrow
35:29 Leather Archer Armor
35:50 Iron Casting
35:30 Bow Saw
36:30 Heavy Plow
38:04 Caravan
38:34 Coinage
38:28 Gold Mining
40:41 Husbandry
40:52 Bloodlines
46:32 Imperial Age
46:38 Town Patrol
48:54 Two-Man Saw
48:35 Bracer
51:07 Chemistry
50:31 Ballistics
52:13 Ring Archer Armor
52:44 Blast Furnace
53:30 Banking
53:26 Shatagni
85:05 Gold Shaft Mining
Connection lost

Rejoining the realm…

Still unreachable

The connection could not be restored.

Session expired

The server has moved on; the page needs a fresh start.